 Dungeon Crawl Stone Soup version 0.29.0-5-ge4962eb29e (webtiles) character file.

Game seed: 7034808426249348051

528 edwardauron the Digger (level 6, -1/45 HPs)
             Began as a Demigod Earth Elementalist on Aug 29, 2022.
             Slain by an iguana (11 damage)
             ... on level 4 of the Dungeon.
             The game lasted 00:06:13 (4225 turns).

edwardauron the Digger (Demigod Earth Elementalist) Turns: 4225, Time: 00:06:15

Health: -1/45      AC:  5    Str:  9    XL:     6   Next: 72%
Magic:  6/14       EV: 11    Int: 25    God:
Gold:   241        SH:  7    Dex: 14    Spells: 8/12 levels left

rFire   . . .      SeeInvis .   n - +1 short sword (speed)
rCold   . . .      Faith    .   m - +0 kite shield
rNeg    . . .      Spirit   .   a - +0 robe
rPois   .          Reflect  .   (no helmet)
rElec   .          Harm     .   g - +1 cloak
rCorr   .          Rampage  .   i - +0 pair of gloves
Will    .....                   (no boots)
Stlth   ++........              (no amulet)
HPRegen 0.15/turn               (no ring)
MPRegen 0.14/turn               (no ring)

@: studying Stealth
A: high MP 1, forlorn, divine attributes
a: no special abilities


You were on level 4 of the Dungeon.
You visited 1 branch of the dungeon, and saw 4 of its levels.

You collected 241 gold pieces.

Inventory:

Hand Weapons
 n - a +1 short sword of speed (weapon)
Armour
 a - a +0 robe (worn)
 c - an orb of energy
 g - a +1 cloak (worn)
 i - a +0 pair of gloves (worn)
 m - a +0 kite shield (worn)
Magical Staves
 p - a staff of fire
Wands
 l - a wand of polymorph (3)
 o - a wand of roots (6)
Scrolls
 d - 2 scrolls of teleportation
 f - 4 scrolls of enchant armour
Potions
 b - a potion of magic
 e - 2 potions of heal wounds
 h - a potion of berserk rage
 j - a potion of lignification {unknown}
 k - a potion of ambrosia
 q - a potion of mutation {unknown}
 r - a potion of haste {unknown}


   Skills:
 + Level 3.7 Dodging
 - Level 1.7 Stealth
 + Level 0.0 Shields
 + Level 3.5 Spellcasting
 + Level 2.4 Conjurations
 - Level 0.8 Transmutations
 + Level 4.2 Earth Magic
 + Level 1.6 Evocations


You had 8 spell levels left.
You knew the following spells:

 Your Spells              Type           Power      Damage    Failure   Level
a - Sandblast             Erth           50%        2d12      6%          1
b - Stone Arrow           Conj/Erth      42%        3d9       26%         3

Your spell library contained the following spells:

 Spells                   Type           Power      Damage    Failure   Level
 Passwall                 Tmut/Erth      14%        N/A       19%         2
 Tukima's Dance           Hex            4%         N/A       71%         3
 Petrify                  Tmut/Erth      17%        N/A       77%         4
 Passage of Golubria      Tloc           4%         N/A       98%         4
 Iskenderun's Battlesphe  Conj           16%        2d7       98%         5
 Fireball                 Conj/Fire      5%         3d5       99%         5
 Yara's Violent Unravell  Hex/Tmut       3%         3d4       100%        5
 Conjure Ball Lightning   Conj/Air       5%         3x3d6     100%        6
 Orb of Destruction       Conj           8%         9d6       100%        7


Dungeon Overview and Level Annotations

Branches:
Dungeon (4/15)
 Temple: D:4-7

Shops:
D:3 =

Portals:
Abyss: D:3

Annotations:
D:3 2 transporters, BuzzyBeetle's ghost, amateur GnWn


Innate Abilities, Weirdness & Mutations

You have an increased reservoir of magic. (+10% MP)
You shall have no god before yourself.
Your divine heritage dramatically boosts your attributes as you level up.


Message History

The iguana barely misses you.
Casting: Sandblast (safe; 6% risk of failure)
Confirm with . or Enter, or press ? or * to list all spells.
Aiming: Sandblast (safe; 6% risk of failure)
Press: ? - help, Shift-Dir - straight line, f/p - iguana
Aim: an iguana (moderately wounded, 85% to hit)
The blast of sand hits the iguana.
The iguana is heavily wounded.
The iguana completely misses you. You block the iguana's attack.
Casting: Sandblast (safe; 6% risk of failure)
Confirm with . or Enter, or press ? or * to list all spells.
Aiming: Sandblast (safe; 6% risk of failure)
Press: ? - help, Shift-Dir - straight line, f/p - iguana
Aim: an iguana (heavily wounded, 85% to hit)
The blast of sand misses the iguana.
The iguana bites you.
Your magical contamination has completely faded away.
Casting: Sandblast (safe; 6% risk of failure)
Confirm with . or Enter, or press ? or * to list all spells.
Aiming: Sandblast (safe; 6% risk of failure)
Press: ? - help, Shift-Dir - straight line, f/p - iguana
Aim: an iguana (heavily wounded, 85% to hit)
The blast of sand misses the iguana.
The iguana bites you.
The iguana bites you but does no damage.
Casting: Sandblast (safe; 6% risk of failure)
Confirm with . or Enter, or press ? or * to list all spells.
Aiming: Sandblast (safe; 6% risk of failure)
Press: ? - help, Shift-Dir - straight line, f/p - iguana
Aim: an iguana (heavily wounded, 85% to hit)
The blast of sand hits the iguana!
The iguana is almost dead.
The iguana bites you.
Casting: Sandblast (safe; 6% risk of failure)
Confirm with . or Enter, or press ? or * to list all spells.
Aiming: Sandblast (safe; 6% risk of failure)
Press: ? - help, Shift-Dir - straight line, f/p - iguana
Aim: an iguana (almost dead, 85% to hit)
The blast of sand misses the iguana.
The iguana bites you!
* * * LOW HITPOINT WARNING * * *
The iguana bites you!
You die...

#.. #.# #.# #. #.### #.
#. #... ... #. #######.#
8... #. #.......###.....
#† ##.#####.#..)8... #
##†#####...####.@l# #.
...#....).......#...8...
.
.##........######....!.#
.......#..## #..(... #.
.##...###.##### ######
#. ##.## ##....# #.
##.###.#.#.# #.
#..#.#.## #. #...#.## #.


You could see an iguana.

Vanquished Creatures
  Sigmund (D:2)
  2 centaurs (D:4)
  Crazy Yiuf (D:2)
  Jessica (D:3)
  4 adders
  A white imp (D:4)
  An ufetubus (D:4)
  2 worms
  4 dart slugs
  4 orcs
  13 endoplasms
  3 giant cockroaches
  7 goblins
  6 hobgoblins
  10 jackals
  3 quokkas
  9 ball pythons
  A bat (D:1)
  7 frilled lizards
  9 kobolds
  6 rats
95 creatures vanquished.

Notes
Turn   | Place    | Note
-------+----------+-------------------------------------------
     0 | D:1      | edwardauron the Demigod Earth Elementalist began the quest
                  | for the Orb.
     0 | D:1      | Reached XP level 1. HP: 14/14 MP: 5/5
   187 | D:1      | Reached XP level 2. HP: 20/20 MP: 4/7
   262 | D:1      | Reached skill level 3 in Earth Magic
   982 | D:2      | Reached XP level 3. HP: 26/26 MP: 9/9
  1132 | D:2      | Learned a level 3 spell: Stone Arrow
  1370 | D:2      | Noticed Sigmund
  1383 | D:2      | Killed Sigmund
  1384 | D:2      | Reached skill level 1 in Conjurations
  1384 | D:2      | Reached XP level 4. HP: 9/33 MP: 0/11
  1384 | D:2      | Reached XP level 5. HP: 11/38 MP: 0/12
  1914 | D:2      | Found a runed translucent door.
  1915 | D:2      | Noticed Crazy Yiuf
  2072 | D:2      | Killed Crazy Yiuf
  2455 | D:3      | Noticed a small abomination
  2462 | D:3      | Noticed a toenail golem
  2555 | D:3      | Noticed a small abomination
  2616 | D:3      | Found a transporter.
  2620 | D:3      | Found a transporter.
  2669 | D:3      | Found Viucrunt's Jewellery Shop.
  2725 | D:3      | Reached skill level 4 in Earth Magic
  2783 | D:3      | Found a one-way gate to the infinite horrors of the Abyss.
  2783 | D:3      | Noticed BuzzyBeetle's ghost (amateur GnWn)
  2843 | D:3      | Noticed Jessica
  2848 | D:3      | Killed Jessica
  2849 | D:3      | Reached XP level 6. HP: 45/45 MP: 10/13
  3434 | D:4      | Reached skill level 1 in Evocations
  4225 | D:4      | Slain by an iguana

Illustrated notes

Levels and vault maps discovered:
D:1:      amcnicky_arrival_single_pillar, layout_rooms,
          ebering_ecumenical_altar_rust, chequers_decorated_corner
D:2:      layout_loops_ring, basic_altar, uniq_crazy_yiuf_cottage, uniq_sigmund
D:3:      layout_basic, nicolae_overflow_crystal_walls, serial_shops,
          nicolae_shop_hallway_plus, gammafunk_ghost_abyssal_escape,
          uniq_jessica
D:4:      layout_loops_ring, eat_drink_and_be_merry_uskayaw, minmay_manual_mares

Skill      XL: |  1  2  3  4  5  6 |
---------------+-------------------+-----
Dodging        | 2 3 |  3.7
Spellcasting   | 2 3 |  3.5
Earth Magic    | 3 4 |  4.2
Conjurations   | 1 2 |  2.4
Evocations     | 1 |  1.6
Stealth        | |  1.7
Transmutations | |  0.8

Action                   |  1- 3 |  4- 6 || total
-------------------------+-------+-------++-------
Melee: Falchion          |    17 |     2 ||    19
       Short sword       |       |    23 ||    23
       Punch             |       |     1 ||     1
 Cast: Sandblast         |    55 |    75 ||   130
  Use: Scroll            |     1 |     6 ||     7
 Stab: Sleeping          |     3 |       ||     3
Armor: Robe              |    11 |    31 ||    42
Dodge: Dodged            |    26 |    69 ||    95
Block: Kite shield       |       |     4 ||     4
